 Dungeon Crawl Stone Soup version 0.32-a0-768-g0f6f1dd4b9 (webtiles) character file.

Game seed: 2934775432124787327

38 Reveillark the Shield-Bearer (level 3, -4/25 (29) HPs)
             Began as a Formicid Fighter on Mar 19, 2024.
             Slain by a gnoll
             ... wielding a +0 flail
              (8 damage)
             ... on level 2 of the Dungeon.
             The game lasted 00:01:24 (972 turns).

Reveillark the Shield-Bearer (Formicid Fighter)      Turns: 972, Time: 00:01:25

HP:   -4/25 (29)    AC:  6    Str: 22    XL:     3   Next: 65%
MP:   3/3           EV:  8    Int:  7    God:
Gold: 104           SH:  4    Dex: 11    Spells: 2/2 levels left

rFire   . . .        e - +2 whip (drain)
rCold   . . .        c - +0 buckler
rNeg    . . .        b - +0 scale mail
rPois   .            (helmet unavailable)
rElec   .            (no cloak)
rCorr   .            (no gloves)
SInv    +            (no boots)
Will    .....        (no amulet) Stlth
                     (no ring)
HPRegen 0.24/turn    (no ring)
MPRegen 0.08/turn

%: no passive effects
@: mighty, heavily drained
A: permanent stasis, dig shafts and tunnels, antennae 3, four strong arms,
hooves 1, clumsy 1
a: Dig, Shaft Self


You were on level 2 of the Dungeon.
You visited 1 branch of the dungeon, and saw 2 of its levels.

You collected 104 gold pieces.

Inventory:

Hand Weapons
 a - a +0 war axe
 e - a +2 whip of draining (weapon)
Armour
 b - a +0 scale mail (worn)
 c - a +0 buckler (worn)
 g - a +0 pair of boots
Jewellery
 N - a ring of positive energy
Scrolls
 f - a scroll of noise {unknown}
 h - 2 scrolls of enchant armour {unknown}


   Skills:
 - Level 3.2 Fighting
 + Level 3.7 Axes
 - Level 3.2 Armour
 - Level 4.0 Shields


You had 2 spell levels left.
You didn't know any spells.
Your spell library contained the following spells:

 Spells                   Type           Power      Damage    Failure   Level
 Apportation              Tloc           0%         N/A       83%         1
 Necrotise                Necr           0%         1d4       83%         1
 Sting                    Conj/Alch      0%         1d3       83%         1
 Summon Small Mammal      Summ           0%         N/A       83%         1


Dungeon Overview and Level Annotations

Branches:
Dungeon (2/15)

Altars:

Annotations:
D:1 ignis


Innate Abilities, Weirdness & Mutations

You cannot be hasted, slowed, berserked, paralysed or teleported.
You can dig through walls and to a lower floor.
You have a pair of large antennae on your head. (SInv)
Your four strong arms can wield two-handed weapons with a shield.
You have large cloven feet.
You are clumsy. (Dex -2)


Message History

You retract your mandibles.
You start waiting.
A gnoll is nearby!
You barely miss the gnoll. The gnoll hits you with a +0 club.
The gnoll hits you but does no damage.
You barely miss the gnoll. The gnoll hits you with a +0 club.
The gnoll barely misses you.
You hit the gnoll. You block the gnoll's attack.
The gnoll hits you but does no damage.
You whack the gnoll!
You kill the gnoll!
The gnoll hits you but does no damage.
The gnoll hits you from afar with a +0 spear.
You are too injured to fight recklessly!
You are too injured to fight recklessly!
You are too injured to fight recklessly!
You are too injured to fight recklessly!
You are too injured to fight recklessly!
You are too injured to fight recklessly!
You are too injured to fight recklessly!
You are too injured to fight recklessly!
You are too injured to fight recklessly!
You are too injured to fight recklessly!
You are too injured to fight recklessly!
You are too injured to fight recklessly!
You are too injured to fight recklessly!
You are too injured to fight recklessly!
You are too injured to fight recklessly!
You are too injured to fight recklessly!
Unknown command.
You closely miss the gnoll. You block the gnoll's attack.
The gnoll closely misses you. You block the gnoll's attack.
Unknown command.
You barely miss the gnoll. The gnoll hits you with a +0 flail.
The gnoll hits you but does no damage.
The gnoll hits you from afar with a +0 spear.
* * * LOW HITPOINT WARNING * * *
Unknown command.
The gnoll attacks as it pursues you! The gnoll hits you with a +0 flail.
* * * LOW HITPOINT WARNING * * *
The gnoll hits you but does no damage.
You see here a +0 club.
It was a potion of mutation.
You feel extremely strange.
You feel clumsy.
Your feet thicken and deform.
You block the gnoll's attack. x2
Unknown command.
You whack the gnoll! You drain the gnoll.
You kill the gnoll!
The gnoll hits you with a +0 flail!
You die...

.## #.#..# ...g,
#.#..#
.##.g##.#..#
....g......#####
#..#......
##.........
##.#.#######
#)##.# #
#@##.#######
#.##g....#....
#.#........##
#.g.g.......#
#...........##
###.)...........
#........##..#.#
#.#####..##..#.#
#. #.=†...#


You could see 2 gnolls.

Vanquished Creatures
  2 gnolls (D:2)
  An adder (D:2)
  3 ball pythons
  3 bats (D:1)
  4 endoplasms
  A goblin (D:1)
  2 hobgoblins
  A kobold (D:1)
  2 rats (D:1)
19 creatures vanquished.

Notes
Turn   | Place    | Note
-------+----------+-------------------------------------------
     0 | D:1      | Reveillark the Formicid Fighter began the quest for the
                  | Orb.
     0 | D:1      | Reached XP level 1. HP: 18/18 MP: 1/1
   201 | D:1      | Found a faded altar of an unknown god.
   414 | D:1      | Reached XP level 2. HP: 23/24 MP: 2/2
   690 | D:1      | Reached skill level 3 in Axes
   937 | D:2      | Reached XP level 3. HP: 29/29 MP: 3/3
   971 | D:2      | Gained mutation: You are clumsy. (Dex -2) [potion of
                  | mutation]
   971 | D:2      | Gained mutation: You have large cloven feet. [potion of
                  | mutation]
   972 | D:2      | Slain by a gnoll

Illustrated notes

Levels and vault maps discovered:
D:1:      hellmonk_arrival_library, layout_basic,
          dreamdust_ecumenical_altar_angels_and_demons
D:2:      layout_loops_ring, minmay_heptomino_l4, uniq_terence

Skill      XL: |  1  2 |
---------------+-------+-----
Axes           | 3 |  3.7
Fighting       | |  3.2
Armour         | |  3.2
Shields        | |  4.0

Action                     || total
---------------------------++-------
  Melee: War axe           ||    10
         Whip              ||    39
Ability: Dig               ||     1
    Use: Potion            ||     2
 Armour: Scale mail        ||    50
  Dodge: Dodged            ||    15
  Block: Buckler           ||    15

Table legend: (Time is in decaauts)
 A = Elapsed time spent in this place.
 B = Non-inter-level travel time spent in this place.
 C = Inter-level travel time spent in this place.
 D = Time resting spent in this place.
 E = Time spent auto-exploring this place.
 F = Levels seen in this place.
 G = Mean time per level.
                   A        B        C        D        E       F      G
               +--------+--------+--------+--------+--------+-----+--------+
         Total |    977 |    908 |     69 |      2 |    779 |   2 |  488.5 |
       Dungeon |    977 |    908 |     69 |      2 |    779 |   2 |  488.5 |
               +--------+--------+--------+--------+--------+-----+--------+

Top non-repeatable levels by time:
     D:1: 902 daAuts
     D:2: 75 daAuts
